Map: Kairos Junction LE

Players

Stats

  • Race: Protoss Protoss
  • Spawn Location: 11:00

Zest - Winner!

  • Race: Protoss Protoss
  • Spawn Location: 5:00

Event: IEM Season 13: Katowice (2019)

VOD

Have the link to the VOD?

Description

Time

  • Played on: Feb. 28, 2019, 9:03 a.m.
  • Length: 10:08

All games in this series

Show
View Real Time Build Order
Export as new Build Order

Stats Protoss 

Build Orders: Phoenix Opening, Blink Stalkers 

Get SALT Encoding   

  12  0:00  Probe  
  13  0:12  Probe  
  14  0:17  Pylon  
  14  0:24  Probe  
  15  0:32  Probe  
  15  0:37  Gateway  
  15  0:40  Probe  
  16  0:46  Assimilator  
  17  0:51  Probe  
  17  0:55  Assimilator  
  18  0:59  Probe  
  19  1:07  Gateway  
  19  1:08  Probe  
  20  1:19  Probe  
  20  1:24  Cybernetics Core  
  21  1:31  Probe  
  22  1:33  Pylon  
  22  1:43  Probe  
  23  1:55  Probe  
  23  2:00  Sentry, Stalker  
  28  2:02  Warp Gate  
  28  2:10  Pylon  
  28  2:22  Twilight Council  
  28  2:30  Stalker  
  30  2:45  Stalker, Probe  
  33  2:54  Pylon  
  33  2:57  Blink  
  33  3:02  Probe  
  31  3:16  Shield Battery  
  31  3:22  Probe  
  32  3:29  Nexus  
  33  3:34  Probe  
  33  3:42  Phoenix  
  33  3:43  Pylon  
  33  3:46  Probe  
  34  3:49  Stalker  
  34  3:50  Stalker  
  38  3:58  Probe  
  39  4:10  Probe  
  39  4:13  Stalker x2  
  42  4:20  Forge  
  42  4:22  Probe  
  43  4:34  Probe  
  44  4:40  Stalker  
  44  4:41  Probe, Stalker  
  44  4:44  Probe  
  49  4:49  Probe  
  50  4:53  Protoss Ground Weapons Level 1, Probe  
  50  4:58  Probe  
  52  5:01  Probe  
  52  5:05  Shield Battery  
  49  5:16  Probe x2  
  49  5:19  Adept  
  49  5:20  Adept  
  55  5:24  Probe  
  57  5:28  Probe  
  57  5:32  Pylon, Probe  
  57  5:40  Probe  
  57  5:41  Sentry  
  61  5:42  Probe  
  61  5:45  Assimilator  
  61  5:47  Assimilator  
  62  5:52  Probe  
  62  5:55  Sentry  
  63  6:02  Shield Battery  
  63  6:04  Shield Battery  
  63  6:06  Gateway  
  63  6:07  Gateway  
  63  6:10  Stalker  
  65  6:18  Stalker  
  50  6:35  Stalker  
  41  6:46  Stalker  
  32  6:51  Probe x2  
  32  6:59  Probe x2  
  34  7:02  Stalker x3  
  34  7:07  Probe  
  34  7:08  Probe  
  42  7:09  Stalker, Protoss Ground Weapons Level 2  
  46  7:15  Probe  
  46  7:16  Probe  
  46  7:20  Charge  
  48  7:23  Probe  
  48  7:24  Probe  
  50  7:35  Adept x2  
  50  7:49  Probe x2  
  48  8:00  Gateway  
  48  8:01  Probe x2  
  48  8:02  Gateway  
  50  8:17  Stalker x2  
  54  8:30  Probe  
  54  8:35  Zealot  
  54  8:36  Zealot  
  54  8:41  Probe  
  50  8:42  Probe  
  50  8:43  Zealot x2  
  50  8:57  Templar Archives  
  50  9:04  Zealot x2  
  54  9:15  Zealot  
  56  9:23  Zealot  
  58  9:31  Zealot  
  58  9:33  High Templar x2  
  58  9:38  Archon  
  64  9:40  Zealot  
  48  9:54  Zealot x2  
  39  10:02  Zealot  
Show
View Real Time Build Order
Export as new Build Order

Zest Protoss - Winner!

Build Orders:  

Get SALT Encoding   

  12  0:00  Probe  
  13  0:12  Probe  
  14  0:18  Pylon  
  14  0:24  Probe  
  15  0:32  Probe  
  15  0:37  Gateway  
  15  0:40  Probe  
  16  0:46  Assimilator  
  17  0:51  Probe  
  17  0:54  Assimilator  
  18  1:00  Probe  
  19  1:07  Gateway  
  19  1:08  Probe  
  19  1:17  Probe  
  20  1:23  Cybernetics Core  
  21  1:29  Probe  
  22  1:32  Pylon  
  22  1:41  Probe  
  23  1:50  Warp Gate  
  23  1:53  Probe  
  24  2:00  Stalker x2  
  28  2:07  Pylon  
  28  2:30  Adept x2  
  32  2:41  Pylon  
  31  2:46  Shield Battery  
  31  3:00  Sentry x2  
  33  3:16  Probe  
  34  3:21  Robotics Facility  
  34  3:28  Probe  
  35  3:37  Nexus  
  35  3:38  Pylon  
  35  3:40  Adept x2  
  39  3:56  Probe  
  40  4:06  Immortal  
  40  4:08  Probe  
  38  4:19  Stalker x2  
  38  4:20  Probe  
  46  4:32  Probe  
  46  4:35  Pylon  
  46  4:36  Immortal  
  47  4:49  Probe  
  52  4:57  Stalker  
  54  5:05  Stalker  
  56  5:07  Warp Prism  
  56  5:13  Probe x2  
  56  5:22  Sentry  
  56  5:24  Gateway  
  58  5:36  Probe x2  
  60  5:44  Stalker  
  60  5:45  Stalker  
  60  5:49  Probe x2  
  66  5:56  Pylon  
  66  6:06  Adept  
  66  6:10  Adept  
  70  6:12  Shield Battery  
  70  6:14  Probe x2  
  60  6:38  Immortal  
  60  6:39  Probe x2  
  56  6:40  Adept x2  
  52  6:51  Probe x2  
  58  7:01  Twilight Council, Adept x2  
  58  7:03  Sentry, Probe  
  58  7:04  Probe  
  66  7:08  Immortal  
  66  7:15  Probe, Pylon  
  67  7:17  Probe, Assimilator  
  72  7:31  Resonating Glaives  
  72  7:40  Immortal  
  72  7:54  Gateway  
  72  7:56  Gateway  
  72  7:58  Gateway, Adept x2  
  74  8:00  Sentry  
  74  8:03  Assimilator  
  78  8:07  Pylon  
  78  8:15  Pylon  
  78  8:20  Pylon  
  77  8:31  Probe  
  77  8:32  Probe  
  75  8:37  Warp Prism  
  74  8:48  Adept x4  
  80  8:53  Adept x2  
  78  9:10  Observer  
  78  9:14  Adept  
  78  9:15  Adept x5  
  87  9:38  Adept x6  
  89  9:40  Pylon  
  89  9:42  Pylon  

Tags
 
Add a new tag
Caveats
  • Supply blocks, unpowered buildings, or Contaminate may cause inaccurate times.
  • Supply counts are checked every 10 seconds.